 Dungeon Crawl Stone Soup version 0.30-a0-777-ga9a30cbeda (webtiles) character file.

Game seed: 623409678689764295

54 Heoruswealwe the Caller (level 3, -2/19 HPs)
             Began as a Deep Elf Summoner on Feb 14, 2023.
             Slain by a hobgoblin (6 damage)
             ... led by Robin
             ... on level 3 of the Dungeon.
             The game lasted 00:15:45 (1224 turns).

Heoruswealwe the Caller (Deep Elf Summoner)         Turns: 1224, Time: 00:15:45

Health: -2/19      AC:  3    Str:  5    XL:     3   Next: 66%
Magic:  1/9        EV: 12    Int: 21    God:
Gold:   131        SH:  0    Dex: 15    Spells: 4/8 levels left

rFire   . . .      SeeInvis .    d - +3 mace
rCold   . . .      Faith    .    (no shield)
rNeg    . . .      Spirit   .    c - +0 robe
rPois   .          Reflect  .    (no helmet)
rElec   .          Harm     .    k - +0 cloak
rCorr   .          Rampage  .    (no gloves)
Will    .....                    (no boots)
Stlth   ++                       (no amulet)
HPRegen 0.23/turn                (no ring)
MPRegen 0.11/turn                (no ring)

@: no status effects
A: no striking features
a: no special abilities


You were on level 3 of the Dungeon.
You visited 1 branch of the dungeon, and saw 3 of its levels.

You collected 131 gold pieces.

Inventory:

Hand Weapons
 d - a +3 mace (weapon)
 f - a +0 dagger
 g - a +0 dagger of electrocution
 h - a +0 dagger
 m - a +0 short sword
 n - a +0 dagger
 p - a +0 club
 q - a +0 dagger
 u - a +0 club
 v - a +0 club
 w - a +0 dagger
 x - a +0 dagger
 y - a +0 dagger
 z - a +0 sling
 A - a +0 sling
Missiles
 e - 21 stones
Armour
 a - a +0 robe
 c - a +0 robe (worn)
 k - a +0 cloak (worn)
 r - a +0 ring mail
 s - a +0 plate armour
Scrolls
 j - a scroll of vulnerability {unknown}
 l - a scroll of torment
 o - a scroll of enchant armour {unknown}
Potions
 b - a potion of magic
 i - a potion of heal wounds
 t - a potion of mutation {unknown}


   Skills:
 + Level 0.1 Fighting
 + Level 0.1 Long Blades
 + Level 2.5 Dodging
 + Level 2.7 Stealth
 * Level 3.4 Spellcasting
 + Level 0.1 Conjurations
 + Level 1.1 Hexes
 * Level 4.5 Summonings
 + Level 1.0 Necromancy
 + Level 0.3 Translocations
 + Level 0.7 Transmutations
 + Level 0.2 Fire Magic
 + Level 0.4 Ice Magic
 + Level 0.2 Air Magic
 + Level 0.5 Earth Magic
 + Level 0.5 Poison Magic
 + Level 0.2 Invocations
 + Level 0.2 Evocations


You had 4 spell levels left.
You knew the following spells:

 Your Spells              Type           Power      Damage    Failure   Level
a - Summon Small Mammal   Summ           88%        N/A       1%          1
b - Call Canine Familiar  Summ           22%        N/A       6%          3

Your spell library contained the following spells:

 Spells                   Type           Power      Damage    Failure   Level
 Call Imp                 Summ           22%        N/A       3%          2
 Sandblast                Erth           12%        2d6       10%         1
 Summon Guardian Golem    Hex/Summ       15%        N/A       12%         3
 Passwall                 Tmut/Erth      5%         N/A       14%         2
 Stone Arrow              Conj/Erth      10%        3d7       32%         3
 Summon Lightning Spire   Summ/Air       13%        N/A       43%         4


Dungeon Overview and Level Annotations

Branches:
Dungeon (3/15)

Altars:

Annotations:
D:3 Robin


Message History

Robin hits you from afar with a +0 spear.
The hobgoblin barely misses you.
Casting: Summon Small Mammal (safe; 1% risk of failure)
Confirm with . or Enter, or press ? or * to list all spells.
The spell is quite dangerous to miscast (6% risk of failure)!
Continue anyway?
You miscast Call Canine Familiar.
You are very lightly contaminated with residual magic.
Nothing appears to happen.
The hobgoblin closely misses you. x2
Robin hits you from afar with a +0 spear.
* * * LOW HITPOINT WARNING * * *
Casting: Call Canine Familiar (quite dangerous; 6% risk of failure)
Confirm with . or Enter, or press ? or * to list all spells.
The spell is quite dangerous to miscast (6% risk of failure)!
Continue anyway?
The hobgoblin closely misses you. The hobgoblin hits you.
* * * LOW HITPOINT WARNING * * *
Robin roars a battlecry!
The hobgoblins go into a battle-frenzy!
You swap places.
The hobgoblin closely misses your hound.
The hobgoblin hits your hound.
Your hound barely misses the hobgoblin.
Your hound closely misses the hobgoblin.
The hobgoblin hits your hound but does no damage.
The hobgoblin hits your hound.
Your hound closely misses the hobgoblin.
Things that are here:
a goblin corpse; a goblin corpse; a goblin corpse The hobgoblin hits your hound.
The hobgoblin misses your hound.
Your hound bites the hobgoblin.
Your hound closely misses the hobgoblin.
The hobgoblin hits your hound.
Your hound dies!
Your hound's corpse disappears in a puff of smoke!
Casting: Call Canine Familiar (quite dangerous; 6% risk of failure)
Confirm with . or Enter, or press ? or * to list all spells.
The spell is quite dangerous to miscast (6% risk of failure)!
Continue anyway?
Your magical contamination has completely faded away.
You hit the hobgoblin but do no damage.
The hobgoblin is lightly wounded.
The hobgoblin hits you.
You die...

#. .. .. . .#
. ##.# .# #
###..#
##.#### ##.
.... .......
....
#h#####...#
#..##.g@..<.#
#...†g#######
#..##.#
#...gg#
#..##)# #.
#.. # ##.# ..
##.


You could see Robin, a hobgoblin (strong, ally target) and a friendly hound
(summoned).

Vanquished Creatures
  An adder (D:2)
  5 ball pythons
  An endoplasm (D:1)
  2 giant cockroaches
  8 goblins (D:3)
  7 hobgoblins
  2 jackals (D:2)
  4 bats
  3 frilled lizards (D:1)
  6 kobolds
  2 rats (D:1)
41 creatures vanquished.

Notes
Turn   | Place    | Note
-------+----------+-------------------------------------------
     0 | D:1      | Heoruswealwe the Deep Elf Summoner began the quest for the
                  | Orb.
     0 | D:1      | Reached XP level 1. HP: 10/10 MP: 6/6
   248 | D:1      | Reached XP level 2. HP: 8/15 MP: 8/8
   817 | D:2      | Reached skill level 1 in Hexes
   817 | D:2      | Reached skill level 1 in Necromancy
   817 | D:2      | Reached XP level 3. HP: 12/19 MP: 9/9
   930 | D:2      | Learned a level 3 spell: Call Canine Familiar
  1212 | D:3      | Noticed Robin
  1224 | D:3      | Slain by a hobgoblin

Illustrated notes

Levels and vault maps discovered:
D:1:      lemuel_arrival_behind_the_door_small, layout_rooms
D:2:      layout_rooms
D:3:      cheibrodos_thug_alley, layout_rooms,
          hellmonk_ecumenical_altar_leap_of_faith, gammafunk_ghost_necromancy,
          uniq_robin, uniq_jessica

Skill      XL: |  1  2 |
---------------+-------+-----
Hexes          | 1 |  1.1
Necromancy     | 1 |  1.0
Fighting       | |  0.1
Long Blades    | |  0.1
Dodging        | |  2.5
Stealth        | |  2.7
Spellcasting   | |  3.4
Conjurations   | |  0.1
Summonings     | |  4.5
Translocations | |  0.3
Transmutations | |  0.7
Fire Magic     | |  0.2
Ice Magic      | |  0.4
Air Magic      | |  0.2
Earth Magic    | |  0.5
Poison Magic   | |  0.5
Invocations    | |  0.2
Evocations     | |  0.2

Action                     || total
---------------------------++-------
  Melee: Mace              ||    91
   Cast: Call Canine Famil ||     2
    Use: Potion            ||     4
         Scroll            ||     3
   Stab: Sleeping          ||     4
 Armour: Robe              ||    24
  Dodge: Dodged            ||    73

Table legend: (Time is in decaauts)
 A = Elapsed time spent in this place.
 B = Non-inter-level travel time spent in this place.
 C = Inter-level travel time spent in this place.
 D = Time resting spent in this place.
 E = Time spent auto-exploring this place.
 F = Levels seen in this place.
 G = Mean time per level.
                   A        B        C        D        E       F      G
               +--------+--------+--------+--------+--------+-----+--------+
         Total |   1260 |   1210 |     50 |      0 |      0 |   3 |  420.0 |
       Dungeon |   1260 |   1210 |     50 |      0 |      0 |   3 |  420.0 |
               +--------+--------+--------+--------+--------+-----+--------+

Top non-repeatable levels by time:
     D:2: 618 daAuts
     D:1: 582 daAuts
     D:3: 59 daAuts
